 Dungeon Crawl Stone Soup version 0.21-a0-142-gdd972a7 (webtiles) character file.

30111 tehllama the Geomancer (level 13, -7/117 HPs)
             Began as a Gargoyle Earth Elementalist on July 22, 2017.
             Was an Elder of Vehumet.
             Mangled by a dire elephant (10 damage)
             ... on level 2 of the Lair of Beasts on July 23, 2017.
             The game lasted 01:11:58 (18674 turns).

tehllama the Geomancer (GrEE)                      Turns: 18674, Time: 01:11:58

Health: -7/117     AC: 26    Str: 13    XL:     13   Next: 49%
Magic:  17/33      EV:  2    Int: 24    God:    Vehumet [****..]
Gold:   734        SH:  7    Dex: 10    Spells: 7/27 levels left

rFire    . . .     SeeInvis .   k - staff of energy
rCold    . . .     Gourm    .   t - +0 buckler "Herhusib" {MR+}
rNeg     + + +     Faith    .   (armour currently unavailable)
rPois    ∞         Spirit   .   (helmet currently unavailable)
rElec    .         Reflect  +   (cloak currently unavailable)
rCorr    .         Harm     .   (gloves currently unavailable)
MR       +....     NoTele   +   (boots currently unavailable)
Stlth    ++........             q - +3 amulet of reflection
HPRegen  0.29/turn              g - ring of magical power
MPRegen  0.23/turn              A - +4 ring of intelligence

@: tree-form
A: negative energy resistance 1, petrification resistance, rot immunity, AC +9
a: Renounce Religion


You were on level 2 of the Lair of Beasts.
You worshipped Vehumet.
Vehumet was greatly pleased with you.
You were very hungry.
You were a tree.
You visited 3 branches of the dungeon, and saw 15 of its levels.
You also visited: Labyrinth and Ossuary.

You collected 782 gold pieces.
You spent 48 gold pieces at shops.

Inventory:

Hand Weapons
 a - a +0 flail of holy wrath
 u - the +3 quarterstaff of the Big Fish {crush, *Slow rElec rN++ MR+, unknown}
   (You took it off a spriggan on level 2 of the Lair of Beasts)

   It inflicts extra damage upon your enemies.
   It insulates you from electricity.
   It greatly protects you from negative energy.
   It affects your resistance to hostile enchantments.
   It may slow you when you take damage.
 D - the +8 quarterstaff of Nomumee {crush, rPois MR+ Dex+4}
   (You found it on level 1 of the Lair of Beasts)

   It inflicts extra damage upon your enemies.
   It affects your dexterity (+4).
   It protects you from poison.
   It affects your resistance to hostile enchantments.
Missiles
 b - 161 stones (quivered)
Armour
 e - a +1 pair of boots (melded)
 j - the +0 pair of gloves of Omission (melded) {MR+}
   (You found it on level 10 of the Dungeon)

   It affects your resistance to hostile enchantments.
 n - a +2 hat of intelligence (melded)
 o - a +1 cloak of magic resistance (melded)
 t - the +0 buckler "Herhusib" (worn) {MR+}
   (You found it in a labyrinth)

   It affects your resistance to hostile enchantments.
 w - a +0 helmet
 W - a +2 robe (melded)
Magical Staves
 k - an uncursed staff of energy (weapon)
 x - an uncursed staff of air
Jewellery
 g - a ring of magical power (left branch)
 q - a +3 amulet of reflection (around neck)
 A - a +4 ring of intelligence (right branch)
 V - an uncursed ring of protection from fire
Wands
 p - a wand of iceblast (11/15)
Scrolls
 c - a scroll of identify
 v - 4 scrolls of remove curse
 P - 2 scrolls of enchant weapon
 Q - 2 scrolls of fog
 U - 2 scrolls of recharging
Potions
 f - 5 potions of curing
 l - 2 potions of ambrosia
 m - 2 potions of berserk rage
 z - 2 potions of cancellation
Books
 E - a book of the Earth

   Spells                             Type                      Level
   a - Leda's Liquefaction            Hexes/Earth                  4
   b - Bolt of Magma                  Conjuration/Fire/Earth       5
   c - Statue Form                    Transmutation/Earth          6
   d - Iron Shot                      Conjuration/Earth            6
   e - Shatter                        Earth                        9
Miscellaneous
 y - a phantom mirror
Comestibles
 d - 4 bread rations
 s - 23 fruits
 C - 8 royal jellies
 S - 4 meat rations


   Skills:
 + Level 8.0 Fighting
 + Level 7.2 Maces & Flails
 - Level 6.0 Armour
 + Level 6.2 Dodging
 - Level 2.1 Stealth
 - Level 4.1 Shields
 + Level 7.8 Spellcasting
 + Level 9.0 Conjurations
   Level 0.7 Transmutations
 + Level 7.5 Fire Magic
 + Level 10.5 Earth Magic
 + Level 6.6 Evocations


You had 7 spell levels left.
You knew the following spells:

 Your Spells              Type           Power        Failure   Level  Hunger
a - Sandblast             Erth           ######       1%          1    None
b - Stone Arrow           Conj/Erth      ######       1%          3    None
c - Lee's Rapid Deconstr  Erth           ######....   1%          5    None
d - Bolt of Magma         Conj/Fire/Erth ######....   1%          5    None
e - Iron Shot             Conj/Erth      ######....   5%          6    None


Dungeon Overview and Level Annotations

Branches:
Dungeon (10/15)            Temple (1/1) D:6            Lair (4/6) D:10
  Swamp (0/4) Lair:4       Spider (0/4) Lair:2
    Orc: D:9-12

Altars:
Ashenzari
Cheibriados
Dithmenos
Elyvilon
Fedhas
Gozag
Hepliaklqana
Kikubaaqudgha
Makhleb
Nemelex Xobeh
Okawaru
Qazlal
Ru
Sif Muna
Trog
Uskayaw
Vehumet
Wu Jian
Xom
Yredelemnul
Zin
The Shining One

Shops:
D:8 *   D:9 }

Annotations:
Lair:1 exclusion: oklob plant


Innate Abilities, Weirdness & Mutations

You are resistant to torment.
((Your stone body is resilient. (AC +9)))
You are immune to poison.
You resist negative energy. (rN+)
((You are resistant to electric shocks. (rElec)))
((You can survive without breathing.))
You are immune to petrification.
You are immune to rotting.


Message History

Confirm with . or Enter, or press ? or * to list all spells.
Aiming: Sandblast
Press: ? - help, Shift-Dir - straight line, f/p - dire elephant
Aim: a dire elephant (heavily wounded)
The blast of sand hits the dire elephant.
The dire elephant is heavily wounded.
b - 161 stones The dire elephant tramples you but does no damage.
You block the dire elephant's attack. The komodo dragon bites you.
* * * LOW HITPOINT WARNING * * *
Casting: Sandblast
Confirm with . or Enter, or press ? or * to list all spells.
Aiming: Stone Arrow
Press: ? - help, Shift-Dir - straight line, f/p - dire elephant
Aim: a dire elephant (heavily wounded)
The stone arrow hits the dire elephant.
The dire elephant is heavily wounded.
The death yak bellows!
The dire elephant tramples you!
You die...

.### #..........#.. ...##
##...........# ....#
#............# ....#
##.....Y......# ....#
##.......Y.....Y ...##
#...........Y... ....####
#...YY........#. ...#.#P##
###............##. .....#..#####
#♣.Y..........####
.###......#.####Yl.#........#####
............#.#..##.........P#...
........#........###P.....#####..
....#...#.#....### ###..### #P..
##..#.#.####...P# #### ####...
.#...##.# ##...## #......
.....#..# #.#.l# ####### ##.....
..>.....# ###.## #.....## ##....


You could see a dire elephant, 3 death yaks and a komodo dragon.

Vanquished Creatures
  Gastronok (Lair:2)
  A minotaur (Lab)
  A hydra (D:9)
  Erica (D:9)
  Pikel (D:7)
  An orb spider (Lair:2)
  22 elephants
  3 black mambas (Lair:4)
  Maurice (D:8)
  Joseph (D:9)
  5 spiny frogs
  4 komodo dragons
  Prince Ribbit (D:8)
  2 hornets (Lair:2)
  Grinder (D:5)
  5 blink frogs (Lair:2)
  2 dream sheep (D:9)
  2 hippogriffs (Lair:4)
  Sigmund (D:2)
  A redback (Lair:2)
  A spriggan (Lair:2)
  2 wyverns
  24 yaks
  2 hungry ghosts (D:9)
  5 water moccasins
  Edmund (D:5)
  3 porcupines
  2 hell hounds (D:10)
  Duvessa (D:7)
  A hornet zombie (D:10)
  An ice beast (D:8)
  4 orc warriors
  5 ogres
  2 sky beasts
  6 wolves (Lair:1)
  2 centaurs (D:8)
  7 crocodiles
  3 big kobolds (D:9)
  An elf zombie (Ossuary)
  Blork the orc (D:6)
  6 bullfrogs
  2 gnoll sergeants
  Dowan (D:7)
  5 scorpions
  A water moccasin skeleton (D:9)
  13 killer bees
  An electric eel (Lair:2)
  A howler monkey (D:5)
  6 crimson imps
  A quasit (D:9)
  2 centaur skeletons (D:6)
  A centaur zombie (D:7)
  A bullfrog zombie (D:7)
  3 jellies
  5 hounds
  9 orc wizards
  5 orc priests
  A bullfrog skeleton (D:8)
  3 iguanas
  10 worker ants
  A hound skeleton (D:6)
  3 mummies (Ossuary)
  A worker ant zombie (D:5)
  Robin (D:3)
  42 gnolls
  5 adders
  5 shadow imps
  An ooze (D:3)
  2 adder zombies
  4 worms
  4 dart slugs
  6 leopard geckos
  33 orcs
  4 giant cockroaches
  14 goblins
  10 hobgoblins
  26 jackals
  7 kobolds
  6 quokkas
  9 bats
  3 frilled lizards
  2 goblin zombies (Ossuary)
  A hobgoblin zombie (Ossuary)
  5 kobold zombies (Ossuary)
  A leopard gecko zombie (D:9)
  An orc zombie (Ossuary)
  2 quokka skeletons
  2 quokka zombies (Ossuary)
  6 rats
  5 rat zombies (Ossuary)
420 creatures vanquished.

Vanquished Creatures (others)
  A phantom (D:7)
  A centaur (D:7)
  A bullfrog (D:7)
  A howler monkey (D:7)
  A bullfrog zombie (D:7)
  A giant cockroach (D:7)
  80 fungi
  48 plants
134 creatures vanquished.

Grand Total: 554 creatures vanquished

Notes
Turn   | Place    | Note
-------+----------+-------------------------------------------
     0 | D:1      | tehllama the Gargoyle Earth Elementalist began the quest for the Orb.
     0 | D:1      | Reached XP level 1. HP: 10/10 MP: 3/3
   328 | D:1      | Reached XP level 2. HP: 13/15 MP: 1/5
   337 | D:1      | Reached skill level 4 in Earth Magic
  1153 | D:2      | Reached XP level 3. HP: 17/19 MP: 6/6
  1158 | D:2      | Learned a level 3 spell: Stone Arrow
  1730 | D:2      | Noticed Sigmund
  1737 | D:2      | Killed Sigmund
  1737 | D:2      | Reached skill level 5 in Earth Magic
  1737 | D:2      | Reached XP level 4. HP: 24/24 MP: 8/9
  1737 | D:2      | Reached XP level 5. HP: 28/28 MP: 8/10
  2223 | D:3      | Reached XP level 6. HP: 27/32 MP: 11/11
  2579 | D:3      | Noticed Robin
  2584 | D:3      | Learned a level 5 spell: Lee's Rapid Deconstruction
  2585 | D:3      | Killed Robin
  2597 | D:3      | Reached skill level 6 in Earth Magic
  2950 | D:3      | Reached XP level 7. HP: 11/36 MP: 13/13
  3393 | D:3      | Reached skill level 1 in Maces & Flails
  3537 | D:3      | Reached skill level 1 in Evocations
  3813 | D:3      | Reached skill level 1 in Fighting
  4631 | D:3      | Found a burning altar of Makhleb.
  4677 | D:4      | Reached skill level 1 in Armour
  4680 | D:4      | Reached XP level 8. HP: 44/44 MP: 9/14
  4805 | D:4      | Found a shattered altar of Ashenzari.
  5276 | D:5      | Entered Level 5 of the Dungeon
  5326 | D:5      | Reached skill level 7 in Earth Magic
  5578 | D:5      | Noticed Grinder
  5591 | D:5      | Killed Grinder
  5725 | D:5      | Noticed Edmund
  5763 | D:5      | Killed Edmund
  5799 | D:5      | Found a glowing silver altar of Zin.
  5799 | D:5      | Found a sparkling altar of Nemelex Xobeh.
  6052 | D:5      | Reached skill level 5 in Spellcasting
  6241 | D:5      | Found a bloodstained altar of Trog.
  6285 | D:6      | Reached XP level 9. HP: 51/51 MP: 16/16
  6329 | D:6      | Reached skill level 5 in Conjurations
  6587 | D:6      | Noticed Blork the orc
  6593 | D:6      | Killed Blork the orc
  6740 | D:6      | Learned a level 5 spell: Bolt of Magma
  6948 | D:6      | Found a staircase to the Ecumenical Temple.
  6957 | Temple   | Entered the Ecumenical Temple
  6986 | Temple   | Became a worshipper of Vehumet
  7432 | D:7      | Noticed Duvessa
  7432 | D:7      | Noticed Dowan
  7435 | D:7      | Killed Dowan
  7443 | D:7      | Found a hazy altar of Hepliaklqana.
  7443 | D:7      | Noticed Pikel
  7486 | D:7      | Killed Pikel
  7486 | D:7      | Reached skill level 1 in Fire Magic
  7486 | D:7      | Reached skill level 8 in Earth Magic
  7721 | D:7      | Killed Duvessa
  8114 | D:7      | Found a snail-covered altar of Cheibriados.
  8367 | D:8      | Found a sand-covered staircase.
  8372 | D:8      | Reached XP level 10. HP: 58/58 MP: 18/18
  8606 | Ossuary  | Entered an ossuary
  8705 | Ossuary  | Reached * piety under Vehumet
  8705 | Ossuary  | Offered knowledge of Sting by Vehumet.
  8926 | D:8      | Noticed Maurice
  8929 | D:8      | Noticed Prince Ribbit
  8940 | D:8      | Killed Prince Ribbit
  8960 | D:8      | Killed Maurice
  8993 | D:8      | Found Duted's General Store.
  9002 | D:8      | Bought a scroll of fog for 24 gold pieces
  9002 | D:8      | Bought a scroll of identify for 24 gold pieces
  9037 | D:8      | Identified a scroll of acquirement
  9280 | D:8      | Offered knowledge of Freeze by Vehumet.
  9282 | D:8      | Reached ** piety under Vehumet
  9296 | D:8      | Reached skill level 5 in Fighting
  9656 | D:9      | Noticed Joseph
  9667 | D:9      | Killed Joseph
  9714 | D:9      | Noticed Erica
  9724 | D:9      | Killed Erica
  9724 | D:9      | Reached skill level 5 in Armour
  9993 | D:9      | Found an iron altar of Okawaru.
 10041 | D:9      | Reached XP level 11. HP: 58/64 MP: 11/20
 10052 | D:9      | Offered knowledge of Throw Frost by Vehumet.
 10058 | D:9      | Reached skill level 5 in Fire Magic
 10062 | D:9      | Reached skill level 5 in Maces & Flails
 10281 | D:9      | Reached *** piety under Vehumet
 10450 | D:9      | Noticed a three-headed hydra
 10458 | D:9      | Killed a three-headed hydra
 10458 | D:9      | Reached skill level 1 in Shields
 10458 | D:9      | Reached skill level 9 in Earth Magic
 10654 | D:9      | Found Ruclagg's Gadget Boutique.
 11107 | D:10     | Entered Level 10 of the Dungeon
 11339 | D:10     | Reached skill level 5 in Evocations
 11591 | D:10     | Got a pair of spiked gloves
 11602 | D:10     | Identified the +0 pair of gloves of Omission {MR+} (You found it on level 10 of the Dungeon)
 11612 | D:10     | Found a staircase to the Lair.
 11809 | D:10     | Offered knowledge of Mephitic Cloud by Vehumet.
 12386 | Lair:1   | Entered Level 1 of the Lair of Beasts
 12556 | Lair:1   | Found a labyrinth entrance.
 12573 | Lair:1   | Learned a level 6 spell: Iron Shot
 12574 | Lab      | Entered a labyrinth
 12674 | Lab      | Noticed a minotaur
 12679 | Lab      | Killed a minotaur
 12744 | Lab      | Got a crude buckler
 12911 | Lair:1   | Got a steaming quarterstaff
 12912 | Lair:1   | Identified the +8 quarterstaff of Nomumee {crush, rPois MR+ Dex+4} (You found it on level 1 of the Lair of Beasts)
 12983 | Lair:1   | Found a sacrificial altar of Ru.
 12984 | Lair:1   | Noticed an oklob plant
 13385 | Lair:1   | Reached XP level 12. HP: 71/71 MP: 15/22
 13824 | Lair:2   | Reached **** piety under Vehumet
 13976 | Lair:2   | Reached skill level 5 in Dodging
 14831 | Lair:2   | Noticed Gastronok
 14845 | Lair:2   | Killed Gastronok
 14991 | Lair:2   | Offered knowledge of Inner Flame by Vehumet.
 15072 | Lair:2   | Noticed a dire elephant
 15355 | Lair:2   | You fall through a shaft for 2 floors!
 15607 | Lair:4   | Reached skill level 10 in Earth Magic
 15724 | Lair:4   | Identified the cursed +0 buckler "Herhusib" {MR+} (You found it in a labyrinth)
 15848 | Lair:4   | Reached XP level 13. HP: 76/76 MP: 11/24
 16297 | Lair:4   | Found a staircase to the Swamp.
 16557 | Lair:2   | Got a crystal quarterstaff {crush}
 16647 | Lair:2   | Found a hole to the Spider Nest.
 18673 | Lair:2   | HP: 3/117 [komodo dragon (4)]
 18674 | Lair:2   | Mangled by a dire elephant

Vault maps used:
D:1:      dpeg_arrival_simpleton_c, serial_forest, infiniplex_forest_clump_tiny,
          infiniplex_forest_lined_corner, infiniplex_forest_join,
          infiniplex_forest_clump_double, infiniplex_forest_pool,
          serial_bayou_lake_a
D:2:      uniq_sigmund
D:3:      lemuel_castle_with_subvaults, marbit_many_paths, first_bread,
          uniq_robin
D:4:      cheibrodos_ashenzari_chains, minmay_misc_feat_encased
D:5:      gammafunk_temple_overflow_statue, trog_book, uniq_grinder, uniq_edmund
D:6:      temple_hall, grunt_ministairs_2, uniq_blork_the_orc
D:7:      lemuel_round_altar, kennysheep_mini, uniq_duvessa, uniq_pikel
D:8:      serial_shops, shop, enter_ossuary_1, uniq_prince_ribbit1, uniq_maurice
D:9:      kennysheep_okawaru_gauntlet, serial_shops, nicolae_shop_waterfront,
          hangedman_ranch, uniq_erica, uniq_joseph
D:10:     minmay_lair_entry_lava, serial_corexii_hall, corexii_hall_statues_l,
          corexii_hall_statues_t, kennysheep_pointless_box
Temple:   eino_wide_crystal_templ
Lair:1:   lab_entry_generic, lemuel_oklob_altar
Lair:2:   mu_elephants_graveyard, nicolae_spider_entry_non_spiders,
          serial_forest, infiniplex_forest_lined_ring,
          infiniplex_forest_straight_2, infiniplex_forest_lined_room_2,
          infiniplex_forest_end_2, infiniplex_forest_lined_room_,
          infiniplex_forest_fountain, infiniplex_staircase_pool, uniq_gastronok
Lair:3:   kennysheep_rathole, uniq_rupert
Lair:4:   swamp_mist, infiniplex_staircase_pool_2, grunt_megastairs_3
Lab:      labyrinth_watery
Ossuary:  ossuary_minmay_chase

Skill      XL: |  1  2  3  4  5  6  7  8  9 10 11 12 13 |
---------------+----------------------------------------+-----
Earth Magic    | 4 5 6 7 8 9 10 | 10.5
Spellcasting   | 3 4 5 6 7 |  7.8
Conjurations   | 2 3 4 5 6 7 8 9 |  9.0
Maces & Flails | 1 2 3 4 5 6 7 |  7.2
Evocations     | 1 2 3 4 5 6 |  6.6
Fighting       | 1 3 4 5 6 7 8 |  8.0
Armour         | 1 2 4 5 6 |  6.0
Dodging        | 2 3 4 5 6 |  6.2
Fire Magic     | 2 4 6 7 |  7.5
Shields        | 2 4 |  4.1
Stealth        | |  2.1
Transmutations | |  0.7

Action                   |  1- 3 |  4- 6 |  7- 9 | 10-12 | 13-15 || total
-------------------------+-------+-------+-------+-------+-------++-------
Melee: Unarmed           |    25 |       |       |       |       ||    25
       Club              |    32 |       |       |       |       ||    32
       Whip              |    43 |    75 |       |       |       ||   118
       Flail             |       |       |   107 |       |       ||   107
       Dire flail        |       |       |    25 |     9 |       ||    34
       Quarterstaff      |       |       |       |    13 |       ||    13
       Staff             |       |       |       |     5 |    35 ||    40
 Cast: Sandblast         |    18 |    48 |    95 |   112 |    57 ||   330
       Stone Arrow       |       |     4 |    80 |   186 |    26 ||   296
       Lee's Rapid Decon |       |       |    14 |    26 |     2 ||    42
       Bolt of Magma     |       |       |       |    53 |    34 ||    87
       Iron Shot         |       |       |       |     3 |    27 ||    30
Evoke: Wand              |       |       |     1 |       |       ||     1
  Use: Scroll            |       |       |     8 |    18 |     5 ||    31
       Potion            |       |       |     1 |     2 |     5 ||     8
 Stab: Sleeping          |     3 |       |     2 |       |       ||     5
  Eat: Chunk             |     3 |     4 |    22 |    28 |     9 ||    66
       Bread ration      |       |       |     1 |     2 |       ||     3
       Fruit             |       |       |       |     1 |       ||     1
       Meat ration       |       |       |       |     1 |       ||     1
Armor: Robe              |    36 |    51 |   112 |    98 |    51 ||   348
       Skin              |       |       |       |       |     3 ||     3
Dodge: Dodged            |    81 |    66 |   171 |   136 |    51 ||   505
Block: Other             |       |       |       |    17 |       ||    17
       Buckler           |       |       |       |       |    39 ||    39
